 Dungeon Crawl Stone Soup version 0.31.0-32-g396128a36d (webtiles) character file.

Game seed: 16909740625191596903

11349 hawla the Carver (level 11, -2/123 HPs)
             Began as a Minotaur Monk on Mar 23, 2024.
             Was an Initiate of Yredelemnul.
             Slain by a skeletal warrior
             ... wielding a +0 flail
              (8 damage)
             ... on level 10 of the Dungeon.
             The game lasted 00:19:24 (9597 turns).

hawla the Carver (Minotaur Monk)                    Turns: 9597, Time: 00:19:25

Health: -2/123     AC: 25    Str: 16    XL:     11   Next: 48%
Magic:  17/17      EV:  2    Int:  7    God:    Yredelemnul [......]
Gold:   280        SH:  0    Dex: 17    Spells: 10/10 levels left

rFire   . . .        H - +1 scimitar (venom)
rCold   . . .        d - orb {light}
rNeg    . . .        z - melded +0 chain mail
rPois   +            (helmet currently unavailable)
rElec   .            a - melded +0 cloak
rCorr   .            j - melded +0 pair of gloves
SInv    +            r - melded +0 pair of boots
Will    .....        (no amulet)
Stlth   +            k - +4 ring of slaying
HPRegen 0.40/turn    w - ring of see invisible
MPRegen 0.15/turn

%: no passive effects
@: tree-form, glowing
A: stationary, stasis, torment immunity, boosted hp, (horns 2), (retaliatory
headbutt)
a: Renounce Religion, Recall Undead Harvest


You were on level 10 of the Dungeon.
You worshipped Yredelemnul.
Yredelemnul was aware of your devotion.
You were a tree.
You visited 1 branch of the dungeon, and saw 11 of its levels.

You collected 537 gold pieces.
You spent 257 gold pieces at shops.

Inventory:

Hand Weapons
 H - a +1 scimitar of venom (weapon)
Missiles
 o - 2 throwing nets
 u - 8 poisoned darts (quivered)
 A - a curare-tipped dart
Armour
 a - a +0 cloak (melded)
 d - an orb of light (worn)
 j - a +0 pair of gloves (melded)
 r - a +0 pair of boots (melded)
 z - a +0 chain mail (melded)
Jewellery
 k - a +4 ring of slaying (left branch)
 w - a ring of see invisible (right branch)
 C - a +6 ring of intelligence
Wands
 v - a wand of paralysis (12)
 y - a wand of flame (48)
 D - a wand of roots (1)
Scrolls
 e - a scroll of fear
 g - 4 scrolls of vulnerability
 p - a scroll of brand weapon
 s - 4 scrolls of revelation
 B - 3 scrolls of identify
 F - a scroll of poison
 G - a scroll of fog
Potions
 b - 2 potions of degeneration {unknown}
 c - a potion of ambrosia
 h - a potion of resistance
 i - 2 potions of enlightenment
 l - 3 potions of lignification
 n - a potion of berserk rage {unknown}
 q - a potion of attraction {unknown}
 t - a potion of cancellation {unknown}
 x - 2 potions of curing
 I - a potion of haste {unknown}


   Skills:
 - Level 3.6 Fighting
 - Level 14.0 Long Blades
 - Level 6.0 Throwing
 + Level 7.2 Armour
 - Level 6.0 Dodging
 - Level 10.0 Invocations
 - Level 3.0 Evocations


You had 10 spell levels left.
You didn't know any spells.
Your spell library was empty.

Dungeon Overview and Level Annotations

Branches:
Dungeon (11/15)            Temple (0/1) D:5            Lair (0/5) D:10
    Orc (0/2) D:10

Altars:
Ashenzari
Qazlal
Trog
Wu Jian
Xom
Yredelemnul

Shops:
D:4 *   D:5 !!==   D:6 (

Portals:
Trove: D:10 (give 12 scrolls of teleportation)

Annotations:
D:5 2 transporters
D:9 Psyche


Innate Abilities, Weirdness & Mutations

You are a tree.
Your roots penetrate the ground, keeping you stationary.
You cannot be teleported.
You are immune to unholy pain and torment.
Your maximum health is greatly increased.
Your equipment is partially melded.
((You have a pair of horns on your head.))
((You reflexively headbutt those who attack you in melee.))


Message History

You hit the skeletal warrior.
You headbutt the skeletal warrior, but do no damage.
The skeletal warrior is almost destroyed.
Unknown command.
You hit the skeletal warrior.
The skeletal warrior is almost destroyed.
The skeletal warrior barely misses you. You furiously retaliate!
You headbutt the skeletal warrior.
You hit the skeletal warrior but do no damage.
You headbutt the skeletal warrior, but do no damage.
The skeletal warrior is almost destroyed.
The skeletal warrior hits you but does no damage.
You slash the skeletal warrior!
You destroy the skeletal warrior!
Your Armour skill increases to level 7!
You slash the skeletal warrior! You headbutt the skeletal warrior.
The skeletal warrior is moderately damaged.
The skeletal warrior hits you with a +0 flail!!
* * * LOW HITPOINT WARNING * * *
You feel much better.
The skeletal warrior hits you with a +0 flail!
* * * LOW HITPOINT WARNING * * *
You slash the skeletal warrior!
The skeletal warrior is heavily damaged.
The skeletal warrior barely misses you. You furiously retaliate!
You headbutt the skeletal warrior! You hit the skeletal warrior.
You headbutt the skeletal warrior.
The skeletal warrior is heavily damaged.
You barely miss the skeletal warrior.
The skeletal warrior is heavily damaged.
The skeletal warrior hits you with a +0 flail!
* * * LOW HITPOINT WARNING * * *
You turn into a tree.
Your +0 cloak melds into your body.
Your +0 pair of gloves melds into your body.
Your +0 pair of boots melds into your body.
Your +0 chain mail melds into your body.
Your roots penetrate the ground.
The skeletal warrior hits you with a +0 flail!
You die...
Your body rises from the dead as a mindless zombie.

#..##...........#.........#...##
#..##.....8.....#...............
##..#####.....#####.####...#.#.##
..........#......#### #.>.......
###Z########.###)# #######.## #Z#
#)).<)# #.# ###.# #)###.# #Z#
....# #[# #z# #.# ##### #)# #♣#
#.# #)# #.# #.## #.# #.# #..Z ###
### ####


You could see a skeletal warrior.

Vanquished Creatures
  Harold (D:11)
  A two-headed ogre (D:9)
  A boulder beetle (D:10)
  2 skeletal warriors (D:10)
  A gargoyle (D:10)
  An unseen horror (D:10)
  A komodo dragon (D:11)
  A hornet (D:7)
  A wraith (D:10)
  2 vampires (D:10)
  13 yaks (D:11)
  A steam dragon (D:6)
  Edmund (D:5)
  A water moccasin (D:8)
  2 ice beasts
  2 orc warriors
  5 centaurs
  2 phantoms
  A kobold brigand (D:11)
  Blork the orc (D:5)
  6 bullfrogs
  A scorpion (D:7)
  2 gnoll sergeants
  5 wights (D:8)
  8 killer bees (D:10)
  6 howler monkeys
  2 orc priests (D:8)
  A jelly (D:5)
  2 gnoll boudas (D:8)
  2 hounds
  3 iguanas
  A sleepcap (D:7)
  An orc wizard (D:8)
  A scorpion zombie (D:4)
  A howler monkey zombie (D:4)
  19 gnolls
  8 adders
  A shadow imp (D:6)
  5 white imps
  5 dart slugs
  2 ribbon worms (D:2)
  21 orcs
  4 ball pythons
  7 endoplasms
  4 giant cockroaches
  5 goblins
  10 hobgoblins
  5 jackals
  10 kobolds
  7 quokkas
  4 bats
  7 frilled lizards
  8 rats
215 creatures vanquished.

Vanquished Creatures (collateral kills)
  A two-headed ogre (D:11)
  Jeremiah (D:7)
  A wyvern (D:10)
  2 yaks (D:11)
  A water moccasin (D:7)
  3 killer bees (D:10)
  A gnoll (D:10)
  A dart slug (D:5)
  3 orcs
14 creatures vanquished.

Vanquished Creatures (others)
  An unseen horror zombie (D:10)
  A wyvern zombie (D:10)
  6 yak zombies (D:11)
  2 centaur zombies (D:11)
  A bullfrog zombie (D:8)
  A killer bee zombie (D:10)
  A hound zombie (D:5)
  3 gnoll zombies
  3 kobold zombies (D:11)
  4 orc zombies
23 creatures vanquished.

Grand Total: 252 creatures vanquished

Notes
Turn   | Place    | Note
-------+----------+-------------------------------------------
     0 | D:1      | hawla the Minotaur Monk began the quest for the Orb.
     0 | D:1      | Reached XP level 1. HP: 19/19 MP: 0/0
    91 | D:1      | Reached XP level 2. HP: 26/26 MP: 1/1
   290 | D:1      | Reached XP level 3. HP: 31/31 MP: 2/2
   793 | D:1      | Reached skill level 5 in Dodging
  1078 | D:2      | Reached XP level 4. HP: 35/39 MP: 3/3
  2631 | D:4      | Reached skill level 4 in Long Blades
  2636 | D:4      | Found the amulet of Elemental Vulnerability {rPois rF--
                  | rC-- AC+8}
  2655 | D:4      | Found Nalaa's General Store.
  2665 | D:4      | Reached XP level 5. HP: 34/45 MP: 4/4
  2683 | D:4      | Bought a scroll of identify for 20 gold pieces
  2683 | D:4      | Bought a throwing net for 30 gold pieces
  3020 | D:4      | Found a shimmering altar of Xom.
  3269 | D:4      | Reached skill level 5 in Long Blades
  3423 | D:4      | Found an ornate altar of the Wu Jian Council.
  3526 | D:4      | Found a basalt altar of Yredelemnul.
  3534 | D:4      | Became a worshipper of Yredelemnul the Dark
  3534 | D:4      | Reached * piety under Yredelemnul
  3567 | D:5      | Entered Level 5 of the Dungeon
  3586 | D:5      | Noticed a phantom
  3593 | D:5      | Killed a phantom
  3594 | D:5      | Reached skill level 6 in Long Blades
  3594 | D:5      | Reached XP level 6. HP: 47/51 MP: 5/5
  3634 | D:5      | Found a staircase to the Ecumenical Temple.
  3650 | D:5      | Found a transporter.
  3706 | D:5      | Noticed Edmund
  3716 | D:5      | Killed Edmund
  3717 | D:5      | Reached skill level 7 in Long Blades
  3773 | D:5      | Reached skill level 8 in Long Blades
  3773 | D:5      | Reached XP level 7. HP: 50/57 MP: 6/6
  3777 | D:5      | Found Raixzis's Jewellery Shoppe.
  3831 | D:5      | Found Xojimmanim's Jewellery Boutique.
  3905 | D:5      | Noticed Blork the orc
  3909 | D:5      | Killed Blork the orc
  3989 | D:5      | Found Zucaonox's Distillery.
  3998 | D:5      | Bought a potion of curing for 36 gold pieces
  3998 | D:5      | Bought a potion of curing for 36 gold pieces
  3998 | D:5      | Bought a potion of heal wounds for 60 gold pieces
  3998 | D:5      | Bought a potion of lignification for 36 gold pieces
  4035 | D:5      | Found a transporter.
  4037 | D:5      | Found Ketionu's Distillery.
  4054 | D:5      | Reached ** piety under Yredelemnul
  4080 | D:5      | Found a transporter.
  4290 | D:5      | Found a transporter.
  4298 | D:5      | Bought a potion of curing for 39 gold pieces
  4418 | D:6      | Reached skill level 9 in Long Blades
  4447 | D:6      | Noticed a steam dragon
  4452 | D:6      | Killed a steam dragon
  4522 | D:6      | Found a bloodstained altar of Trog.
  4524 | D:6      | Found a stormy altar of Qazlal.
  4542 | D:6      | Reached skill level 10 in Long Blades
  4620 | D:6      | Found Egebett's Antique Weapon Shoppe.
  5367 | D:7      | Reached XP level 8. HP: 61/64 MP: 7/7
  5426 | D:7      | Noticed a hornet
  5430 | D:7      | Paralysed by a hornet for 1 turns
  5435 | D:7      | Killed a hornet
  5436 | D:7      | Reached skill level 11 in Long Blades
  5582 | D:7      | Reached skill level 12 in Long Blades
  5708 | D:7      | Reached skill level 13 in Long Blades
  5713 | D:7      | Noticed Jeremiah
  5721 | D:7      | Killed Jeremiah
  5722 | D:7      | Reached *** piety under Yredelemnul
  5722 | D:7      | Reached XP level 9. HP: 66/70 MP: 8/8
  5987 | D:8      | Found a broken altar of Ashenzari.
  6004 | D:8      | Reached skill level 14 in Long Blades
  6006 | D:8      | Reached skill level 1 in Evocations
  6240 | D:8      | Reached skill level 1 in Throwing
  6926 | D:9      | Noticed a skeletal warrior
  6926 | D:9      | Noticed a skeletal warrior
  6930 | D:9      | Noticed a skeletal warrior
  6930 | D:9      | Noticed a skeletal warrior
  7089 | D:9      | Noticed a two-headed ogre
  7099 | D:9      | Killed a two-headed ogre
  7100 | D:9      | Reached skill level 1 in Invocations
  7281 | D:10     | Entered Level 10 of the Dungeon
  7291 | D:10     | Reached XP level 10. HP: 32/77 MP: 10/10
  7323 | D:10     | Found a staircase to the Orcish Mines.
  7540 | D:10     | Found a portal to a secret trove of treasure.
  7836 | D:10     | Noticed a boulder beetle
  7852 | D:10     | Killed a boulder beetle
  8153 | D:10     | Found a staircase to the Lair.
  8172 | D:10     | Noticed a gargoyle
  8177 | D:10     | Killed a gargoyle
  8636 | D:11     | Noticed a two-headed ogre
  8637 | D:11     | Noticed Harold
  8654 | D:11     | Killed Harold
  8655 | D:11     | Reached XP level 11. HP: 18/82 MP: 15/17
  8679 | D:11     | Killed a two-headed ogre
  8680 | D:11     | Reached skill level 10 in Invocations
  8722 | D:11     | Reached skill level 5 in Armour
  9450 | D:10     | Killed a skeletal warrior
  9571 | D:9      | Noticed Psyche
  9591 | D:10     | Killed a skeletal warrior
  9596 | D:10     | HP: 3/82 [skeletal warrior/+0 flail (13)]
  9597 | D:10     | Slain by a skeletal warrior

Illustrated notes

Levels and vault maps discovered:
D:1:      matt_arrival_spirals, layout_basic, minmay_unequal
D:2:      layout_loops_corners
D:3:      layout_basic
D:4:      layout_loops_cross, pdpol_wu_jian_five_deadly_venoms,
          lemuel_zombie_altar_yredelemnul, nicolae_overflow_crystal_walls,
          serial_shops, shop, minivault_19, grunt_ministairs_7,
          nicolae_kite_square_tiling_tiny
D:5:      gammafunk_cloud_chamber, layout_gridville,
          minmay_temple_entry_junction, serial_shops, nicolae_shop_gaudy_bauble,
          shop, shop, nicolae_shop_drivethru, uniq_blork_the_orc, uniq_edmund
D:6:      layout_loops_corners, chequers_temple_overflow_statue_of_worship,
          serial_shops, shop
D:7:      layout_cave_pools, uniq_jeremiah
D:8:      layout_gridville, old_standard_altar
D:9:      minmay_cornered_nines, layout_cave_pools, roadster_capsule_ark_zombie,
          uniq_psyche
D:10:     layout_basic, lair_entry_dummy, david_orc_2, enter_trove_2
D:11:     layout_basic, chequers_serial_rivers_micro_a, uniq_harold

Skill      XL: |  1  2  3  4  5  6  7  8  9 10 11 |
---------------+----------------------------------+-----
Dodging        | 4 5 6 |  6.0
Long Blades    | 4 6 8 10 13 14 | 14.0
Evocations     | 3 |  3.0
Throwing       | 6 |  6.0
Invocations    | 1 9 10 | 10.0
Armour         | 7 |  7.2
Fighting       | |  3.6

Action                     |  1- 3 |  4- 6 |  7- 9 | 10-12 || total
---------------------------+-------+-------+-------+-------++-------
  Melee: Falchion          |    73 |    95 |    73 |       ||   241
         Headbutt          |     8 |    17 |    26 |    41 ||    92
         Long sword        |       |       |    82 |    51 ||   133
         Scimitar          |       |       |       |    90 ||    90
  Throw: Dart              |       |     2 |     2 |    12 ||    16
  Evoke: Wand              |       |       |       |     9 ||     9
    Use: Scroll            |     2 |    10 |     4 |     6 ||    22
         Potion            |       |       |     2 |     7 ||     9
   Stab: Distracted        |       |     1 |     2 |     1 ||     4
         Paralysed         |       |       |       |     2 ||     2
 Armour: Robe              |    25 |    20 |       |       ||    45
         Leather armour    |       |    31 |    10 |       ||    41
         Chain mail        |       |       |   119 |   107 ||   226
         Skin              |       |       |       |     1 ||     1
  Dodge: Dodged            |    52 |    87 |    78 |    59 ||   276
